 Dungeon Crawl Stone Soup version 0.30.1-4-g462c640d31 (webtiles) character file.

Game seed: 4034348175917802273

72984 cowcol the Executioner (level 15, -4/170 HPs)
             Began as a Minotaur Fighter on Aug 26, 2023.
             Was a High Priest of Okawaru.
             Shot with an arrow by a centaur warrior (8 damage)
             ... on level 12 of the Dungeon on Aug 27, 2023.
             The game lasted 01:34:25 (27092 turns).

cowcol the Executioner (Minotaur Fighter)          Turns: 27092, Time: 01:34:26

Health: -4/170     AC: 24    Str: 24    XL:     15   Next: 2%
Magic:  16/16      EV: 13    Int: 10    God:    Okawaru [*****.]
Gold:   2362       SH:  0    Dex: 12    Spells: 14/14 levels left

rFire   + + .        G - +7 battleaxe
rCold   . . .        (shield currently unavailable)
rNeg    . . .        z - +1 plate armour
rPois   .            v - +3 hat of Distant Worlds {Regen+ Dex+4}
rElec   +            x - +2 cloak
rCorr   .            T - +0 pair of gloves "Bofolowa" {Int+3}
SInv    +            (no boots)
Will    ++...        C - amulet of regeneration Stlth
                     e - ring "Pufiq" {rElec rF++ EV+5 Dex-4 SInv}
HPRegen 2.08/turn    R - ring of willpower
MPRegen 0.15/turn

%: no passive effects
@: mighty, studying Translocations
A: horns 2, retaliatory headbutt, robust 1
a: Renounce Religion, Heroism, Finesse, Duel


You were on level 12 of the Dungeon.
You worshipped Okawaru.
Okawaru was extremely pleased with you.
You visited 4 branches of the dungeon, and saw 21 of its levels.
You also visited: Sewer and Gauntlet.

You collected 3493 gold pieces.
You spent 1131 gold pieces at shops.

Inventory:

Hand Weapons
 a - a +2 war axe of flaming
 G - a +7 battleaxe (weapon)
 H - the +6 spear "Yduathrom" {flame, rElec rN+}
   (You found it on level 1 of the Lair of Beasts)

   rElec:     It insulates you from electricity.
   rN:        It protects you from negative energy.
 I - a +3 heavy trident
 Y - a +4 scimitar of flaming
Missiles
 f - 45 poisoned darts
 p - 5 javelins (quivered)
Armour
 c - a +1 buckler
 v - the +3 hat of Distant Worlds (worn) {Regen+ Dex+4}
   (Okawaru gifted it to you on level 5 of the Lair of Beasts)

   Dex:       It affects your dexterity (+4).
   Regen:     It increases your rate of health regeneration.
 x - a +2 cloak (worn)
 z - a +1 plate armour (worn)
 P - a +0 tower shield
 T - the +0 pair of gloves "Bofolowa" (worn) {Int+3}
   (You found it in a Gauntlet)

   Int:       It affects your intelligence (+3).
 U - a scarf of shadows
 Z - a +1 chain mail of fire resistance
Jewellery
 e - the ring "Pufiq" (left hand) {rElec rF++ EV+5 Dex-4 SInv}
   (You found it on level 13 of the Dungeon)

   [ring of evasion]

   EV:        It affects your evasion (+5).
   Dex:       It affects your dexterity (-4).
   rF:        It greatly protects you from fire.
   rElec:     It insulates you from electricity.
   SInv:      It lets you see invisible.
 g - an amulet of magic regeneration
 m - an amulet of reflection
 t - an amulet of guardian spirit
 w - a +6 ring of strength
 y - an amulet of the acrobat
 C - an amulet of regeneration (around neck)
 F - a ring of ice
 J - a ring of protection from fire
 K - a ring of protection from fire
 R - a ring of willpower (right hand)
Wands
 r - a wand of roots (21)
 B - a wand of flame (29)
 L - a wand of mindburst (27)
Scrolls
 i - 4 scrolls of fear
 k - 2 scrolls of fog
 q - 3 scrolls of teleportation
 A - a scroll of torment
 E - 2 scrolls of blinking
 N - 7 scrolls of amnesia
 O - 2 scrolls of summoning
 S - 2 scrolls of vulnerability
 V - 2 scrolls of identify
Potions
 b - 3 potions of mutation
 d - 2 potions of might
 h - 4 potions of brilliance
 j - 2 potions of attraction
 l - a potion of cancellation {unknown}
 n - 5 potions of flight
 o - a potion of lignification
 s - 4 potions of curing
 u - 4 potions of berserk rage {unknown}
 D - a potion of invisibility {unknown}
 M - a potion of magic {unknown}
 W - a potion of heal wounds {unknown}
 X - a potion of haste {unknown}
Miscellaneous
 Q - a box of beasts


   Skills:
 + Level 19.7 Fighting
 + Level 21.6 Axes
 - Level 1.0 Throwing
 - Level 12.0 Armour
 + Level 2.0 Dodging
 - Level 3.6 Shields
 - Level 3.0 Invocations


You had 14 spell levels left.
You didn't know any spells.
Your spell library contained the following spells:

 Spells                   Type           Power      Damage    Failure   Level
 Shock                    Conj/Air       0%         1d3       98%         1
 Slow                     Hex            0%         N/A       98%         1
 Cigotuvi's Dreadful Rot  Necr/Pois/Air  0%         N/A       99%         2
 Ensorcelled Hibernation  Hex/Ice        0%         N/A       99%         2
 Passwall                 Tmut/Erth      0%         N/A       99%         2
 Scorch                   Fire           0%         2d5       99%         2
 Sublimation of Blood     Necr           0%         N/A       99%         2
 Dazzling Flash           Conj/Hex       0%         N/A       100%        3
 Hailstorm                Conj/Ice       0%         3d3       100%        3
 Ignite Poison            Fire/Tmut/Pois 0%         N/A       100%        3
 Portal Projectile        Hex/Tloc       0%         N/A       100%        3
 Swiftness                Air            0%         N/A       100%        3
 Airstrike                Air            0%         2d(0-16)  100%        4
 Dispel Undead            Necr           0%         3d6       100%        4
 Flame Wave               Conj/Fire      0%         2d4       100%        4
 Ice Form                 Ice/Tmut       0%         N/A       100%        4
 Leda's Liquefaction      Hex/Erth       0%         N/A       100%        4
 Petrify                  Tmut/Erth      0%         N/A       100%        4
 Sticky Flame             Conj/Fire      0%         2d3       100%        4
 Agony                    Necr           0%         N/A       100%        5
 Blade Hands              Tmut           0%         N/A       100%        5
 Borgnjor's Vile Clutch   Necr/Erth      0%         N/A       100%        5
 Irradiate                Conj/Tmut      0%         3d11      100%        5
 Lee's Rapid Deconstruct  Erth           0%         3d4*      100%        5
 Silence                  Hex/Air        0%         N/A       100%        5
 Eringya's Noxious Bog    Tmut/Pois      0%         N/A       100%        6
 Statue Form              Tmut/Erth      0%         N/A       100%        6
 Dragon Form              Tmut           0%         N/A       100%        7
 Ignition                 Fire           0%         3d3       100%        8
 Call Canine Familiar     Summ           Unusable   N/A       N/A         3
 Summon Guardian Golem    Hex/Summ       Unusable   N/A       N/A         3
 Animate Dead             Necr           Unusable   N/A       N/A         4
 Summon Forest            Summ/Tloc      Unusable   N/A       N/A         5
 Death Channel            Necr           Unusable   N/A       N/A         6
 Simulacrum               Ice/Necr       Unusable   N/A       N/A         6
 Summon Cactus Giant      Summ           Unusable   N/A       N/A         6
 Summon Hydra             Summ           Unusable   N/A       N/A         7

Dungeon Overview and Level Annotations

Branches:
Dungeon (13/15)            Temple (1/1) D:5            Lair (5/5) D:9
  Swamp (0/4) Lair:2        Snake (0/4) Lair:2        Slime (0/5) Lair:5
    Orc (2/2) D:11            Elf (0/3) Orc:2         Sewer (visited)
Gauntlet (visited)
 Vaults: D:13-14

Altars:
Ashenzari
Cheibriados
Dithmenos
Elyvilon
Fedhas
Gozag
Hepliaklqana
Kikubaaqudgha
Makhleb
Nemelex Xobeh
Okawaru
Qazlal
Ru
Sif Muna
Trog
Uskayaw
Vehumet
Wu Jian
Xom
Yredelemnul
Zin
The Shining One
Jiyva

Shops:
D:9 ?   Orc:1 ?   Orc:2 ????

Annotations:
Orc:1 2 transporters, Kaxaet's ghost, journeyman MfVM


Innate Abilities, Weirdness & Mutations

You have a pair of horns on your head.
You reflexively headbutt those who attack you in melee.
You are robust. (+10% HP)


Message History

You feel extremely sick.
There is a stone staircase leading down here.
You feel very mighty all of a sudden.
You feel very sick.
The centaur warrior hits you but does no damage.
You are more poisoned.
The centaur warrior barely misses you.
The centaur warrior hits you with a staff of earth.
* * * LOW HITPOINT WARNING * * *
The centaur warrior kicks you but does no damage.
The centaur warrior hits you but does no damage.
You are more poisoned.
The centaur warrior closely misses you.
The centaur warrior attacks as you move away!
The centaur warrior misses you. The centaur warrior barely misses you.
You feel extremely sick.
The centaur warrior unwields a +1 rapier of venom.
It stops dripping with poison.
The centaur warrior wields a +0 shortbow.
The centaur warrior shoots an arrow.
The arrow hits you but does no damage. The centaur warrior barely misses you.
The centaur warrior kicks you but does no damage.
The centaur warrior attacks as you move away!
The centaur warrior misses you.
The centaur warrior kicks you but does no damage.
You feel extremely sick.
The centaur warrior shoots an arrow.
The arrow barely misses you.
The centaur warrior wields a +0 longbow.
The centaur warrior shoots an arrow.
The arrow hits you!
* * * LOW HITPOINT WARNING * * *
* * * LOW HITPOINT WARNING * * *
You feel very sick.
The centaur warrior shoots an arrow.
The arrow hits you.
* * * LOW HITPOINT WARNING * * *
The centaur warrior shoots an arrow.
The arrow barely misses you.
The centaur warrior shoots an arrow.
The arrow barely misses you.
You feel better.
The centaur warrior shoots an arrow.
The arrow hits you.
* * * LOW HITPOINT WARNING * * *
The centaur warrior shoots an arrow.
The arrow hits you!
You die...

#.#######.##########.##.#
#.......#.# #.##.########
#..####.#.# #.##.#......# #..#
#.#.##########'##.#......## #..#
#.#..[..c..#....#.#......'.
#.)####.#.###>...#....#.#......##
........######c..#...(#.#......##
##.#####...###........#.#......##
.......'...')...@#....#.###'####~
########...##....##.'##.# #!.....
#...##....###.##.# ####~≈≈
#...##...<.##..#.######÷~~
#...##...)[([[............
####...##..####[.#..########~
#......##..#.................
#......##..#.##..##..########
#.....^##..#.##..[...........


You could see 2 centaur warriors.

Vanquished Creatures
  Rupert (D:12)
  Jorgrun (D:12)
  An orc warlord (Orc:1)
  A dire elephant (Lair:5)
  A minotaur (Gauntlet)
  A blizzard demon (Gauntlet)
  An ettin (Orc:2)
  Fannar (D:12)
  Josephine (D:10)
  4 hydras
  Erolcha (D:12)
  3 centaur warriors
  Erica (D:11)
  A catoblepas (Lair:5)
  A deep troll shaman (Lair:5)
  2 boulder beetles
  A tengu warrior (D:13)
  A two-headed ogre (D:10)
  14 death yaks
  5 orc high priests
  Nergalle (Lair:2)
  A skeletal warrior (D:12)
  Pikel (D:7)
  A necromancer (Gauntlet)
  2 orc sorcerers
  2 orc knights
  2 deep elf pyromancers (D:13)
  An oklob plant (Lair:1)
  An ugly thing (D:12)
  A manticore (D:13)
  11 elephants
  A torpor snail (Lair:5)
  2 black mambas
  3 kobold demonologists
  3 unseen horrors
  8 cane toads
  2 efreet
  4 rime drakes
  A komodo dragon (Lair:1)
  2 tengu conjurers (D:13)
  3 ice devils (Gauntlet)
  3 trolls
  Prince Ribbit (D:9)
  11 blink frogs
  A polar bear (Lair:5)
  A hornet (D:11)
  7 dream sheep (Lair:3)
  A water elemental (D:12)
  2 shadows
  12 slime creatures
  11 wraiths
  48 yaks
  3 wyverns
  3 vampires
  Eustachio (D:4)
  A fire elemental (D:11)
  2 basilisks
  5 vampire mosquitoes
  2 wargs
  2 acid dragons (D:11)
  5 nagas (Lair:2)
  13 water moccasins
  2 sky beasts (D:7)
  21 orc warriors
  3 ice beasts
  4 black bears
  9 ogres
  7 wolves (Lair:5)
  4 centaurs
  3 lemures (D:7)
  4 kobold brigands
  11 bullfrogs
  2 gnoll sergeants
  5 scorpions
  9 wights (D:8)
  10 killer bees
  A vampire bat (D:12)
  2 electric eels
  4 howler monkeys
  3 lava snakes (D:11)
  3 hounds
  24 orc priests
  Crazy Yiuf (D:5)
  2 jellies
  A gnoll bouda (D:8)
  Natasha (D:2)
  4 iguanas
  23 orc wizards
  7 hell rats
  Terence (D:2)
  Robin (D:4)
  10 gnolls
  3 adders
  3 river rats (Sewer)
  2 ufetubi
  2 worms (D:3)
  3 dart slugs
  53 orcs
  12 ball pythons
  12 bats
  6 endoplasms
  2 giant cockroaches
  14 goblins
  15 hobgoblins
  9 jackals (D:4)
  17 kobolds
  4 quokkas
  6 frilled lizards
  8 rats
584 creatures vanquished.

Vanquished Creatures (others)
  An orc wizard (Orc:1)
1 creature vanquished.

Grand Total: 585 creatures vanquished

Notes
Turn   | Place    | Note
-------+----------+-------------------------------------------
     0 | D:1      | cowcol the Minotaur Fighter began the quest for the Orb.
     0 | D:1      | Reached XP level 1. HP: 19/19 MP: 0/0
    96 | D:1      | Reached XP level 2. HP: 27/27 MP: 1/1
   391 | D:1      | Reached skill level 3 in Axes
  1072 | D:2      | Found a faded altar of an unknown god.
  1117 | D:2      | Reached XP level 3. HP: 33/33 MP: 2/2
  1131 | D:2      | Noticed Terence
  1137 | D:2      | Killed Terence
  1298 | D:2      | Reached skill level 4 in Axes
  1368 | D:2      | Reached XP level 4. HP: 30/40 MP: 3/3
  2197 | D:2      | Noticed Natasha
  2207 | D:2      | Killed Natasha
  2499 | D:3      | Found a glowing drain.
  2508 | Sewer    | Entered a sewer
  2519 | Sewer    | Reached skill level 5 in Axes
  2519 | Sewer    | Reached XP level 5. HP: 43/47 MP: 4/4
  2630 | Sewer    | Gained mutation: You are weak. (Str -2) [potion of
                  | mutation]
  2630 | Sewer    | Gained mutation: Your system is resistant to poisons.
                  | (rPois) [potion of mutation]
  2631 | Sewer    | Lost mutation: You are weak. (Str -2) [potion of mutation]
  2631 | Sewer    | Lost mutation: Your system is resistant to poisons. (rPois)
                  | [potion of mutation]
  2631 | Sewer    | Gained mutation: You occasionally lose the ability to read
                  | scrolls when taking damage. [potion of mutation]
  2631 | Sewer    | Gained mutation: You passively dampen the noise of your
                  | surroundings. [potion of mutation]
  2731 | D:3      | Noticed an ice beast
  2740 | D:3      | Killed an ice beast
  2741 | D:3      | Reached skill level 6 in Axes
  2741 | D:3      | Reached skill level 5 in Armour
  2741 | D:3      | Reached XP level 6. HP: 22/53 MP: 5/5
  3530 | D:4      | Noticed Robin
  3542 | D:4      | Killed Robin
  3544 | D:4      | Reached skill level 7 in Axes
  4190 | D:4      | Noticed Eustachio
  4205 | D:4      | Killed Eustachio
  4206 | D:4      | Reached skill level 5 in Fighting
  4206 | D:4      | Reached skill level 8 in Axes
  4206 | D:4      | Reached XP level 7. HP: 57/61 MP: 6/6
  4217 | D:4      | You fall into a shaft and drop 2 floors!
  4217 | D:6      | Found a stormy altar of Qazlal.
  4246 | D:5      | Entered Level 5 of the Dungeon
  4265 | D:5      | Reached skill level 1 in Throwing
  4775 | D:5      | Reached skill level 9 in Axes
  5062 | D:5      | Reached XP level 8. HP: 63/68 MP: 5/7
  5251 | D:5      | Found a staircase to the Ecumenical Temple.
  5269 | Temple   | Entered the Ecumenical Temple
  5384 | Temple   | Became a worshipper of Warmaster Okawaru
  5568 | D:5      | Found a runed translucent door.
  5569 | D:5      | Noticed Crazy Yiuf
  5574 | D:5      | Killed Crazy Yiuf
  5780 | D:6      | Reached skill level 10 in Axes
  5974 | D:6      | Found a glowing silver altar of Zin.
  6295 | D:6      | Reached * piety under Okawaru
  6770 | D:7      | Got the Collected Works on Jinxing
  6810 | D:7      | Reached skill level 11 in Axes
  6900 | D:7      | Reached ** piety under Okawaru
  6901 | D:7      | Reached XP level 9. HP: 48/75 MP: 8/8
  7267 | D:7      | Lost mutation: You passively dampen the noise of your
                  | surroundings. [potion of mutation]
  7267 | D:7      | Lost mutation: You occasionally lose the ability to read
                  | scrolls when taking damage. [potion of mutation]
  7267 | D:7      | Gained mutation: You are robust. (+10% HP) [potion of
                  | mutation]
  7635 | D:7      | Noticed Pikel
  7653 | D:7      | Killed Pikel
  7654 | D:7      | Reached skill level 12 in Axes
  8183 | D:8      | Reached skill level 13 in Axes
  8194 | D:8      | Reached *** piety under Okawaru
  8195 | D:8      | Reached XP level 10. HP: 83/94 MP: 6/9
  8199 | D:8      | Received a gift from Okawaru
  8870 | D:9      | Found Nokyurph's Magic Scroll Emporium.
  8882 | D:9      | Bought a scroll of enchant armour for 97 gold pieces
  8882 | D:9      | Bought a scroll of identify for 26 gold pieces
  8882 | D:9      | Bought a scroll of identify for 26 gold pieces
  8903 | D:9      | Reached skill level 14 in Axes
  9169 | D:9      | Noticed Prince Ribbit
  9189 | D:9      | Killed Prince Ribbit
  9190 | D:9      | Reached skill level 15 in Axes
  9235 | D:9      | Found a staircase to the Lair.
  9298 | D:9      | Reached skill level 10 in Armour
  9322 | D:9      | Found a shimmering altar of Xom.
  9322 | D:9      | Found a shimmering altar of Xom.
  9336 | D:9      | Found a shimmering altar of Xom.
  9604 | Lair:1   | Entered Level 1 of the Lair of Beasts
  9604 | Lair:1   | Noticed an oklob plant
  9611 | Lair:1   | Reached **** piety under Okawaru
  9664 | Lair:1   | Reached XP level 11. HP: 48/104 MP: 8/10
  9791 | Lair:1   | Reached skill level 16 in Axes
  9853 | Lair:1   | Reached ***** piety under Okawaru
  9948 | Lair:1   | Identified the +6 spear "Yduathrom" {flame, rElec rN+}
 10304 | Lair:1   | Reached skill level 1 in Invocations
 11023 | Lair:1   | Identified the +0 scale mail "Wareguja" {Rampage Will+
                  | Str+4} (Okawaru gifted it to you on level 1 of the Lair of
                  | Beasts)
 11023 | Lair:1   | Received a gift from Okawaru
 11024 | Lair:1   | Reached skill level 17 in Axes
 11568 | Lair:2   | Reached skill level 10 in Fighting
 11621 | Lair:2   | Noticed an eight-headed hydra
 11631 | Lair:2   | Killed a five-headed hydra
 11805 | Lair:2   | Found a staircase to the Swamp.
 11819 | Lair:2   | Noticed Nergalle
 11836 | Lair:2   | Killed Nergalle
 11885 | Lair:2   | Found a staircase to the Snake Pit.
 11931 | Lair:2   | Reached XP level 12. HP: 66/117 MP: 12/12
 13005 | Lair:3   | Reached skill level 18 in Axes
 13322 | Lair:3   | Found a stormy altar of Qazlal.
 13366 | Lair:3   | Noticed a death yak
 13366 | Lair:3   | Noticed a death yak
 13367 | Lair:3   | Noticed a death yak
 13407 | Lair:3   | Killed a death yak
 13543 | Lair:3   | Killed a death yak
 13547 | Lair:3   | Killed a death yak
 13547 | Lair:3   | Identified the +4 glaive "Epolev" {drain, *Rage rElec Int+7
                  | Dex+3} (Okawaru gifted it to you on level 3 of the Lair of
                  | Beasts)
 13547 | Lair:3   | Received a gift from Okawaru
 13656 | Lair:3   | Noticed a five-headed hydra
 13668 | Lair:3   | Killed a one-headed hydra
 14514 | Lair:5   | Entered Level 5 of the Lair of Beasts
 14973 | Lair:5   | Noticed a boulder beetle
 15222 | Lair:5   | Killed a boulder beetle
 15338 | Lair:5   | Noticed a six-headed hydra
 15346 | Lair:5   | Killed a one-headed hydra
 15347 | Lair:5   | Reached XP level 13. HP: 109/137 MP: 14/14
 15386 | Lair:5   | Found a viscous altar of Jiyva.
 15392 | Lair:5   | Found a staircase to the Slime Pits.
 15511 | Lair:5   | Identified a scroll of acquirement
 15512 | Lair:5   | Acquired 947 gold pieces
 15559 | Lair:5   | Reached ****** piety under Okawaru
 15560 | Lair:5   | Reached skill level 15 in Fighting
 15785 | Lair:5   | Identified the +3 hat of Distant Worlds {Regen+ Dex+4}
                  | (Okawaru gifted it to you on level 5 of the Lair of Beasts)
 15785 | Lair:5   | Received a gift from Okawaru
 15786 | Lair:5   | Noticed a dire elephant
 16676 | Lair:5   | Reached skill level 19 in Axes
 16714 | Lair:5   | Killed a dire elephant
 18171 | D:10     | Entered Level 10 of the Dungeon
 18178 | D:9      | Bought a scroll of acquirement for 676 gold pieces
 18178 | D:9      | Acquired 564 gold pieces
 18218 | D:10     | Reached skill level 1 in Dodging
 18465 | D:10     | Found a white marble altar of Elyvilon.
 18602 | D:10     | Found an ancient bone altar of Kikubaaqudgha.
 18882 | D:10     | Found a shadowy altar of Dithmenos.
 19069 | D:11     | Noticed Josephine
 19329 | D:10     | Killed Josephine
 19908 | D:11     | Found a staircase to the Orcish Mines.
 20758 | D:11     | Noticed Erica
 20768 | D:11     | Killed Erica
 21117 | Orc:1    | Entered Level 1 of the Orcish Mines
 21277 | Orc:1    | Noticed an orc warlord
 21308 | Orc:1    | Killed an orc warlord
 21308 | Orc:1    | Received a gift from Okawaru
 21548 | Orc:1    | Found Voegeoq's Magic Scroll Shoppe.
 21558 | Orc:1    | Bought a scroll of magic mapping for 112 gold pieces
 21558 | Orc:1    | Bought a scroll of blinking for 112 gold pieces
 21599 | Orc:1    | Noticed Kaxaet's ghost (journeyman MfVM)
 21605 | Orc:1    | Reached XP level 14. HP: 154/154 MP: 15/15
 21940 | Orc:1    | Found a transporter.
 21962 | Orc:1    | Found a transporter.
 22169 | Orc:2    | Entered Level 2 of the Orcish Mines
 22459 | Orc:1    | Reached skill level 20 in Axes
 23762 | Orc:2    | Found Aratissu's Magic Scroll Emporium.
 23762 | Orc:2    | Found Ohuowyut's Magic Scroll Emporium.
 23765 | Orc:2    | Found Jagawo's Magic Scroll Shoppe.
 23765 | Orc:2    | Found Jaukelun's Magic Scroll Shoppe.
 23819 | Orc:2    | Bought a scroll of blinking for 82 gold pieces
 23866 | Orc:2    | Found a bloodstained altar of Trog.
 23869 | Orc:2    | Found a staircase to the Elven Halls.
 24430 | D:12     | Noticed Jorgrun
 24448 | D:12     | Killed Jorgrun
 24578 | D:12     | Noticed Fannar
 24635 | D:12     | Killed Fannar
 24744 | D:12     | Noticed Erolcha
 24758 | D:12     | Killed Erolcha
 24793 | D:12     | Noticed Rupert
 24836 | D:12     | Killed Rupert
 24961 | D:12     | Found a large runed translucent door.
 24961 | D:12     | Found a large runed translucent door.
 24979 | D:12     | Identified the +0 morningstar of the Rattlesnake {drain,
                  | rPois Int+2 Dex-4}
 24986 | D:12     | Found a large runed translucent door.
 24986 | D:12     | Found a large runed translucent door.
 25288 | D:12     | Reached skill level 21 in Axes
 25925 | D:13     | Identified the ring "Pufiq" {rElec rF++ EV+5 Dex-4 SInv}
 25970 | D:13     | Found a gate leading to a gauntlet.
 25976 | D:13     | Received a gift from Okawaru
 26004 | Gauntlet | Entered a Gauntlet
 26004 | Gauntlet | Found a transporter.
 26005 | Gauntlet | Found a runed translucent door.
 26007 | Gauntlet | Found a transporter.
 26009 | Gauntlet | Found a runed translucent door.
 26020 | Gauntlet | Found a transporter.
 26024 | Gauntlet | Found a transporter.
 26034 | Gauntlet | Found a transporter.
 26054 | Gauntlet | Found a transporter.
 26058 | Gauntlet | Found a transporter.
 26077 | Gauntlet | Found a transporter.
 26083 | Gauntlet | Found a transporter.
 26083 | Gauntlet | Found a transporter.
 26086 | Gauntlet | Found a transporter.
 26138 | Gauntlet | Found a transporter.
 26298 | Gauntlet | Identified the +0 pair of gloves "Bofolowa" {Int+3}
 26537 | D:13     | Received a gift from Okawaru
 26584 | D:13     | Reached XP level 15. HP: 169/169 MP: 16/16
 27090 | D:12     | HP: 6/170 [centaur warrior/arrow (14)]
 27091 | D:12     | HP: 2/170 [centaur warrior/arrow (1)]
 27092 | D:12     | Shot with an arrow by a centaur warrior

Illustrated notes

Levels and vault maps discovered:
D:1:      dpeg_arrival_ternary, layout_basic, due_unseen_surprise
D:2:      layout_loops_corners, nicolae_ecumenical_pavilion, minivault_23,
          uniq_terence, uniq_natasha
D:3:      layout_basic, cheibrodos_sewer_entry_drain
D:4:      layout_loops_ring, uniq_robin, uniq_eustachio
D:5:      layout_loops_ring, minmay_temple_entry_offerings,
          cheibrodos_gnoll_hut, uniq_crazy_yiuf_cottage
D:6:      layout_basic, nicolae_qazlal_scattered_showers, zin_scriptorium
D:7:      layout_loops_corners, minmay_microvault, uniq_pikel
D:8:      layout_basic
D:9:      layout_rooms, xom_redecorated, lair_entry_dummy, serial_shops,
          nicolae_stop_n_shop_2, uniq_prince_ribbit1
D:10:     layout_rooms, nicolae_kikubaaqudgha_miasma_corner,
          mainiacjoe_overflow_catwalk, mainiacjoe_overflow_chevrons,
          nicolae_sextant, grunt_ministairs_8, minivault_12
D:11:     layout_long_grid, david_orc_5, kennysheep_boxes, uniq_josephine,
          uniq_erica
D:12:     layout_basic, roderic_batcave, minmay_hollow_rounded_squares,
          uniq_fannar, uniq_jorgrun, uniq_rupert, uniq_erolcha
D:13:     minmay_the_grid_octo_tiled_squarecenter [minmay_the_grid_octo_horde,
          minmay_the_grid_octo_fat_diamond, minmay_the_grid_octo_clover,
          minmay_the_grid_octo_tetromino_candy,
          minmay_the_grid_square_5x5_megaprize_checkered,
          minmay_the_grid_square_5x5_two_walls_b,
          minmay_the_grid_square_5x5_dogpile, minmay_the_grid_square_5x5_empty,
          minmay_the_grid_square_5x5_shrine2], layout_rooms, david_vaults_5,
          gauntlet_entry_generic, fedhas_altar_3
Temple:   eino_temple_rhombus
Lair:1:   layout_gridlike, st_stairs_11, minmay_holes, dpeg_stationary_puzzle,
          serial_bayou_shore_a
Lair:2:   layout_hall_layers, minmay_swamp_entry_reptiles,
          minmay_snake_entry_guardpost_medium, nicolae_lair_grove_arrangements,
          uniq_nergalle
Lair:3:   layout_small_grid, basic_altar
Lair:4:   wander_river, layout_misc_corridors
Lair:5:   grunt_lair_end_beastmaster, layout_gridlike, dpeg_slime_entry_corner,
          chequers_serial_rivers_small_b, minmay_lindwurm_lava,
          infiniplex_staircase_pool_2, serial_bayou_shore_b
Orc:1:    layout_diamond_mine, gammafunk_ghost_stat_death, serial_shops,
          nicolae_lakefront_shop, nicolae_orc_rockfall
Orc:2:    st_orc_mages, layout_caves, hangedman_feature_mirror

Skill      XL: |  1  2  3  4  5  6  7  8  9 10 11 12 13 14 |
---------------+-------------------------------------------+-----
Fighting       | 4 5 6 7 8 10 14 17 19 | 19.7
Axes           | 3 4 5 6 8 9 11 13 15 17 18 19 21 | 21.6
Armour         | 4 5 7 9 10 11 12 | 12.0
Throwing       | 1 |  1.0
Invocations    | 1 2 3 |  3.0
Dodging        | 1 2 |  2.0
Shields        | |  3.6

Action                     |  1- 3 |  4- 6 |  7- 9 | 10-12 | 13-15 || total
---------------------------+-------+-------+-------+-------+-------++-------
  Melee: War axe           |    54 |   178 |   167 |   456 |   309 ||  1164
         Headbutt          |     4 |    26 |    21 |    98 |   171 ||   320
         Battleaxe         |       |       |       |       |   390 ||   390
  Throw: Dart              |       |    20 |    19 |    22 |    24 ||    85
         Javelin           |       |       |       |       |     7 ||     7
 Invoke: Heroism           |       |       |     4 |     8 |    17 ||    29
         Finesse           |       |       |       |       |     1 ||     1
  Evoke: Wand              |       |       |     1 |     1 |     7 ||     9
    Use: Potion            |     1 |     3 |     3 |     4 |     5 ||    16
         Scroll            |       |     7 |     3 |     8 |    16 ||    34
 Armour: Scale mail        |    16 |    66 |    44 |    27 |       ||   153
         Plate armour      |       |       |       |   155 |   425 ||   580
  Dodge: Dodged            |    21 |    56 |    67 |   116 |   263 ||   523
  Block: Buckler           |    11 |    94 |    28 |    69 |    80 ||   282
         Reflection        |       |     2 |       |       |       ||     2
